 Dungeon Crawl Stone Soup version 0.22-a0-283-g1871b15 (webtiles) character file.

63 tidbits the Insei (level 4, 0/34 HPs)
             Began as a Gnoll Transmuter on Mar 19, 2018.
             Slain by a gnoll
             ... wielding a +0 club
              (3 damage)
             ... on level 3 of the Dungeon.
             The game lasted 00:04:11 (415 turns).

tidbits the Insei (Gnoll Transmuter)                 Turns: 415, Time: 00:04:12

Health: 0/34       AC:  2    Str: 13    XL:     4   Next: 10%
Magic:  0/11       EV: 23    Int: 16    God:
Gold:   18         SH:  0    Dex: 20    Spells: 3/13 levels left

rFire    + . .     SeeInvis .     - Unarmed
rCold    + . .     Gourm    .   (shield currently unavailable)
rNeg     . . .     Faith    .   (armour currently unavailable)
rPois    .         Spirit   .   (helmet currently unavailable)
rElec    +         Reflect  .   (cloak currently unavailable)
rCorr    +         Harm     .   (gloves currently unavailable)
MR       .....                  (boots currently unavailable)
Stlth    ++........             (no amulet)
HPRegen  0.11/turn              (no ring)
MPRegen  0.12/turn              (no ring)

@: spider-form, resistant
A: tiny, distributed training, strong nose
a: End Transformation


You were on level 3 of the Dungeon.
You were not hungry.
You were a venomous arachnid creature.
You visited 1 branch of the dungeon, and saw 3 of its levels.

You collected 18 gold pieces.

Inventory:

Hand Weapons
 c - a +0 dagger
 l - a +0 blowgun
Missiles
 a - 30 arrows
 f - 42 stones (quivered)
 m - 4 poisoned needles
Armour
 b - a +0 robe
 j - a +0 ring mail
 B - a cursed +0 robe (melded)
 E - a +0 helmet (melded)
Scrolls
 i - a scroll of identify {unknown}
 n - a scroll of teleportation
 o - a scroll of remove curse
Potions
 h - a potion of lignification {unknown}
 k - a potion of might {unknown}
 p - a potion of curing {unknown}
Comestibles
 d - 2 rations


   Skills:
 + Level 2.7 Fighting
 + Level 1.0 Short Blades
 + Level 1.0 Long Blades
 + Level 1.0 Axes
 + Level 1.0 Maces & Flails
 + Level 1.0 Polearms
 + Level 1.0 Staves
 + Level 1.0 Slings
 + Level 1.0 Bows
 + Level 1.0 Crossbows
 + Level 1.0 Throwing
 + Level 1.0 Armour
 + Level 4.6 Dodging
 + Level 1.0 Stealth
 + Level 1.0 Shields
 + Level 6.5 Unarmed Combat
 + Level 5.0 Spellcasting
 + Level 0.7 Conjurations
 + Level 0.7 Hexes
 + Level 0.7 Charms
 + Level 0.7 Summonings
 + Level 0.7 Necromancy
 + Level 0.7 Translocations
 + Level 3.8 Transmutations
 + Level 0.7 Fire Magic
 + Level 0.7 Ice Magic
 + Level 0.7 Air Magic
 + Level 0.7 Earth Magic
 + Level 0.7 Poison Magic
 + Level 1.1 Invocations
 + Level 1.0 Evocations


You had 3 spell levels left.
You knew the following spells:

 Your Spells              Type           Power        Failure   Level  Hunger
a - Magic Dart            Conj           #...         26%         1    None
e - Beastly Appendage     Tmut           ###...       11%         1    None
k - Sticks to Snakes      Tmut           ###.....     14%         2    #......
m - Mephitic Cloud        Conj/Pois/Air  #.......     54%         3    ###....
p - Spider Form           Tmut/Pois      ##........   38%         3    ###....


Dungeon Overview and Level Annotations

Branches:
Dungeon (3/15)

Altars:


Innate Abilities, Weirdness & Mutations

Your experience applies equally to all skills.
((You have very sharp teeth.))
Your uncanny sense of smell can sniff out nearby items.


Message History

Your ball python falls through a shaft!
The shaft crumbles and collapses.
There is a stone staircase leading down here.
You climb downwards.
There is a stone staircase leading up here.
Unknown command.
An adder comes into view.
A gnoll comes into view.
Casting: Sticks to Snakes (safe; 4% risk of failure)
Confirm with . or Enter, or press ? or * to list all spells.
You miscast Spider Form.
You are very lightly contaminated with residual magic.
Nothing appears to happen.
The adder hisses angrily.
A rat comes into view.
Casting: Spider Form (safe; 19% risk of failure)
Confirm with . or Enter, or press ? or * to list all spells.
You turn into a venomous arachnid creature.
Your +0 helmet melds into your body.
Your cursed +0 robe melds into your body.
You hit the adder.
The adder is poisoned.
The adder is moderately wounded.
The adder misses you. The adder bites you.
You closely miss the adder.
The adder is moderately wounded.
The adder completely misses you.
You bite the adder!
You kill the adder!
Your Short Blades skill increases to level 1!
Your Long Blades skill increases to level 1!
Your Axes skill increases to level 1!
Your Maces & Flails skill increases to level 1!
Your Polearms skill increases to level 1!
Your Staves skill increases to level 1!
Your Slings skill increases to level 1!
Your Bows skill increases to level 1!
Your Crossbows skill increases to level 1!
Your Throwing skill increases to level 1!
Your Armour skill increases to level 1!
Your Stealth skill increases to level 1!
Your Shields skill increases to level 1!
Your Evocations skill increases to level 1!
A gnoll comes into view. It is wielding a spear.
The rat twitches its whiskers.
The rat misses you.
You see here an adder corpse.
You barely miss the rat. The rat completely misses you.
You hit the rat.
You kill the rat!
A gnoll comes into view. It is wielding a club.
Found 9 gold pieces.
A goblin comes into view.
The gnoll shouts!
You hear a shout!
The goblin picks up a leather armour.
The goblin wears a leather armour.
The gnoll throws a throwing net.
The throwing net completely misses you.
You see here a throwing net {!f}.
Found a stone staircase leading down.
You hit the gnoll.
The gnoll is poisoned.
The gnoll is moderately wounded.
The gnoll hits you with a spear!
* * * LOW HITPOINT WARNING * * *
The gnoll hits you.
* * * LOW HITPOINT WARNING * * *
You hit the gnoll.
The gnoll is moderately wounded.
The gnoll barely misses you. The goblin misses you.
An orc comes into view. It is wielding a dagger of protection.
You completely miss the gnoll.
The gnoll is moderately wounded.
The gnoll misses you. The gnoll hits you with a spear.
* * * LOW HITPOINT WARNING * * *
The goblin misses you.
You hit the gnoll but do no damage.
The gnoll looks as sick as possible!
The gnoll is moderately wounded.
The gnoll closely misses you. x2
A rat comes into view.
It was a potion of cancellation.
Your magical effects are unravelling.
You feel magically purged.
Your magical contamination has completely faded away.
Your transformation has ended.
Your +0 helmet unmelds from your body.
Your cursed +0 robe unmelds from your body.
The goblin barely misses you. The gnoll barely misses you.
The rat moves out of view.
The gnoll hits you but does no damage.
An orc comes into view.
It was a potion of resistance.
You feel protected.
You kill the gnoll!
You have reached level 4!
You feel stronger. The goblin misses you. The gnoll closely misses you.
The gnoll hits you with a club.
* * * LOW HITPOINT WARNING * * *
Casting: Spider Form (safe; 19% risk of failure)
Confirm with . or Enter, or press ? or * to list all spells.
You turn into a venomous arachnid creature.
Your +0 helmet melds into your body.
Your cursed +0 robe melds into your body.
The goblin misses you. The gnoll misses you. The gnoll hits you with a club.
You die...

..........#
.............####......>
###.######...............
................#........
......####...#......o....
......####.#.##......o...
##.........#.............
...††<..#####..g#g.......
......#.......†.s).......
.........>......(g.....$.
.........<..######.......
............# .......
............# g#....#
............# #.....#
...........## . ..##
.....#.... .. ##
.....###.. ..


You could see 2 gnolls, 2 orcs and a goblin.

Vanquished Creatures
  3 adders
  A gnoll (D:3)
  A dart slug (D:1)
  A leopard gecko (D:3)
  A bat (D:2)
  2 giant cockroaches
  3 goblins
  A hobgoblin (D:1)
  3 jackals (D:1)
  A ball python (D:2)
  5 kobolds
  2 rats
24 creatures vanquished.

Notes
Turn   | Place    | Note
-------+----------+-------------------------------------------
     0 | D:1      | tidbits the Gnoll Transmuter began the quest for the Orb.
     0 | D:1      | Reached XP level 1. HP: 17/17 MP: 6/6
    85 | D:1      | Reached XP level 2. HP: 16/23 MP: 5/7
    89 | D:1      | Learned a level 2 spell: Sticks to Snakes
   322 | D:3      | Reached skill level 5 in Spellcasting
   322 | D:3      | Reached XP level 3. HP: 15/28 MP: 4/9
   326 | D:3      | Learned a level 1 spell: Magic Dart
   330 | D:3      | Learned a level 3 spell: Spider Form
   334 | D:3      | Learned a level 3 spell: Mephitic Cloud
   381 | D:2      | Reached skill level 1 in Invocations
   400 | D:3      | Reached skill level 1 in Short Blades
   400 | D:3      | Reached skill level 1 in Long Blades
   400 | D:3      | Reached skill level 1 in Axes
   400 | D:3      | Reached skill level 1 in Maces & Flails
   400 | D:3      | Reached skill level 1 in Polearms
   400 | D:3      | Reached skill level 1 in Staves
   400 | D:3      | Reached skill level 1 in Slings
   400 | D:3      | Reached skill level 1 in Bows
   400 | D:3      | Reached skill level 1 in Crossbows
   400 | D:3      | Reached skill level 1 in Throwing
   400 | D:3      | Reached skill level 1 in Armour
   400 | D:3      | Reached skill level 1 in Stealth
   400 | D:3      | Reached skill level 1 in Shields
   400 | D:3      | Reached skill level 1 in Evocations
   414 | D:3      | Reached XP level 4. HP: 6/34 MP: 3/11
   414 | D:3      | HP: 3/34 [gnoll/club (3)]
   415 | D:3      | Slain by a gnoll

Vault maps used:
D:1:      moated_graveyard_arrival
D:2:      lemuel_coloured_pillars_altar
D:3:      old_standard_altar, minmay_unequal

Skill      XL: |  1  2  3 |
---------------+----------+-----
Spellcasting   | 5 |  5.0
Invocations    | 1 |  1.1
Short Blades   | 1 |  1.0
Long Blades    | 1 |  1.0
Axes           | 1 |  1.0
Maces & Flails | 1 |  1.0
Polearms       | 1 |  1.0
Staves         | 1 |  1.0
Slings         | 1 |  1.0
Bows           | 1 |  1.0
Crossbows      | 1 |  1.0
Throwing       | 1 |  1.0
Armour         | 1 |  1.0
Stealth        | 1 |  1.0
Shields        | 1 |  1.0
Evocations     | 1 |  1.0
Fighting       | |  2.7
Dodging        | |  4.6
Unarmed Combat | |  6.5
Conjurations   | |  0.7
Hexes          | |  0.7
Charms         | |  0.7
Summonings     | |  0.7
Necromancy     | |  0.7
Translocations | |  0.7
Transmutations | |  3.8
Fire Magic     | |  0.7
Ice Magic      | |  0.7
Air Magic      | |  0.7
Earth Magic    | |  0.7
Poison Magic   | |  0.7

Action                   |  1- 3 |  4- 6 || total
-------------------------+-------+-------++-------
Melee: Unarmed           |    49 |       ||    49
       Kick              |     7 |       ||     7
       Bite              |     3 |       ||     3
       Headbutt          |     2 |       ||     2
       Punch             |     1 |       ||     1
 Cast: Beastly Appendage |     9 |       ||     9
       Sticks to Snakes  |     4 |       ||     4
       Spider Form       |     2 |     1 ||     3
  Use: Scroll            |     3 |       ||     3
       Potion            |     2 |       ||     2
Armor: Robe              |     6 |       ||     6
Dodge: Dodged            |    35 |     4 ||    39

Table legend:
 A = Spawn XP
 B = Non-spawn XP
 C = Spawn XP percentage of total XP
 D = Spawn monster count
 E = Non-spawn monster count
 F = Spawn count percentage of total count
 G = Total turns spent on level
                    A         B        C        D         E        F      G
               +---------+---------+-------+---------+---------+-------+---------
         Total |       0 |      91 |   0.0 |       0 |      24 |   0.0 |   415
               +---------+---------+-------+---------+---------+-------+---------
           D:1 |       0 |      20 |   0.0 |       0 |      10 |   0.0 |   138
           D:2 |       0 |      26 |   0.0 |       0 |       8 |   0.0 |   175
           D:3 |       0 |      45 |   0.0 |       0 |       6 |   0.0 |   102
               +---------+---------+-------+---------+---------+-------+---------

Table legend:
 A = Turns spent in this place as a percentage of turns spent in the entire game.
 B = Non-inter-level travel turns spent in this place as a percentage of non-inter-level travel turns spent in the entire game.
 C = Inter-level travel turns spent in this place as a percentage of turns spent in this place.
 D = Turns resting spent in this place as a percentage of non-inter-level travel turns spent in this place.
 E = Turns spent auto-exploring this place as a percentage of non-inter-level travel turns spent in this place.
 F = Non-inter-level travel turns spent in this place divided by the number of levels of this place that you've seen.
                   A       B       C       D       E      F
               +-------+-------+-------+-------+-------+----------------------
         Total | 100.0 | 100.0 |   0.0 |   0.0 |   0.0 | 138.3
       Dungeon | 100.0 | 100.0 |   0.0 |   0.0 |   0.0 | 138.3
               +-------+-------+-------+-------+-------+----------------------

Table legend:
 A = Kills in this place as a percentage of kills in entire the game.
 B = Kills by you in this place as a percentage of kills by you in the entire game.
 C = Kills by friends in this place as a percentage of kills by friends in the entire game.
 D = Other kills in this place as a percentage of other kills in the entire game.
 E = Experience gained in this place as a percentage of experience gained in the entire game.
 F = Experience gained in this place divided by the number of levels of this place that you have seen.
                   A       B       C       D       E      F
               +-------+-------+-------+-------+-------+----------------------
         Total | 100.0 | 100.0 |   N/A |   N/A | 100.0 |  30.3
       Dungeon | 100.0 | 100.0 |   N/A |   N/A | 100.0 |  30.3
               +-------+-------+-------+-------+-------+----------------------

Vault maps used:
D:1:      moated_graveyard_arrival
D:2:      lemuel_coloured_pillars_altar
D:3:      old_standard_altar, minmay_unequal
